AoeStats
← Clueless Clown

African Clearing

504511656Analyzed
2v2 RM · 26d ago on Sep 5, 2026· 54m 26s· 4 players
Game mode
Random Map
Map size
Medium (4 player)
Population
200
Speed
Normal
Resources
Standard
Victory
Conquest
Starting age
Dark Age
Ending age
Imperial Age
RankedLock teamsTeams togetherTeam positionsShared explorationLock speedFull tech treeHidden civsTurbo modeCheats
Victory
Defeat
🇺🇸 Portuguese · United States
983
+15
🇷🇺 Slavs · Russia
928
+18
🇪🇨 Ethiopians · Ecuador
999
-18
🇪🇸 Romans · Spain
933
-15
Shuanggou789
13:05 Feudal Age
13:21 Man-at-Arms
18:14 Scale Mail Armor
35:33 Horse Collar
43:49 Double-Bit Axe
49:17 Castle Age
47:53 Bloodlines
47:52 Town Watch
52:03 Husbandry
52:34 Elite Skirmisher
53:11 Loom
Clueless Clown
10:50 Loom
13:31 Feudal Age
14:15 Double-Bit Axe
14:12 Horse Collar
14:29 Gold Mining
19:42 Castle Age
18:02 Stone Mining
21:52 Wheelbarrow
21:45 Bow Saw
25:21 Wheelbarrow
25:35 Heavy Plow
28:19 Hand Cart
33:50 Imperial Age
33:29 Circumnavigation
33:55 Scale Barding Armor
34:01 Forging
34:35 Cavalier
35:26 Bloodlines
35:16 Husbandry
35:40 Chain Barding Armor
35:55 Iron Casting
36:56 Plate Barding Armor
38:17 Conscription
39:21 Chemistry
38:02 Treadmill Crane
38:48 Ballistics
39:02 Elite Organ Gun
40:03 Crossbowman
40:48 Thumb Ring
40:44 Fletching
40:55 Padded Archer Armor
42:05 Bombard Tower
42:13 Guilds
45:15 Coinage
45:26 Guard Tower
45:33 Murder Holes
45:45 Siege Engineers
50:26 Keep
50:22 Arquebus
52:14 Banking
spideramos
15:22 Feudal Age
13:53 Loom
17:24 Man-at-Arms
18:46 Scale Mail Armor
22:58 Castle Age
24:35 Long Swordsman
26:09 Chain Mail Armor
26:06 Forging
41:45 Imperial Age
40:29 Wheelbarrow
40:16 Ballistas
40:05 Double-Bit Axe
41:30 Bow Saw
42:01 Ballistics
45:06 Heavy Scorpion
Subrotundum
4:31 Loom
13:56 Feudal Age
17:55 Double-Bit Axe
18:47 Horse Collar
20:57 Padded Archer Armor
20:47 Fletching
21:23 Fletching
26:25 Castle Age
25:33 Wheelbarrow
24:58 Stone Mining
24:59 Gold Mining
26:35 Crossbowman
27:17 Bodkin Arrow
27:37 Leather Archer Armor
31:03 Hand Cart
31:43 Bow Saw
33:45 Hand Cart
33:34 Heavy Plow
34:25 Forging
34:15 Scale Mail Armor
36:05 Stone Shaft Mining
36:01 Husbandry
37:12 Town Watch
38:11 Ballistics
44:22 Imperial Age
43:13 Gold Shaft Mining
42:53 Thumb Ring
43:32 Iron Casting
43:12 Chain Mail Armor
45:53 Conscription
46:53 Chemistry
45:59 Siege Engineers
45:45 Cavalier
47:03 Capped Ram
47:35 Arbalester
50:44 Blast Furnace
49:59 Chain Mail Armor
54:34 Two-Man Saw
Connection lost

Rejoining the realm…

Still unreachable

The connection could not be restored.

Session expired

The server has moved on; the page needs a fresh start.